 Dungeon Crawl Stone Soup version 0.24.0-37-gcf1ca852f1 (webtiles) character file.

Game seed: 17524043209176791029, levelgen mode: deterministic

17095 NeedForCaffeine the Unseen (level 12, -1/82 HPs)
             Began as an Octopode Wizard on Dec 3, 2019.
             Was a Believer of Sif Muna.
             Slain by a wolf (2 damage)
             ... on level 2 of the Lair of Beasts.
             The game lasted 01:03:38 (24787 turns).

NeedForCaffeine the Unseen (Octopode Wizard)       Turns: 24787, Time: 01:03:39

Health: -1/82      AC:  6    Str:  8    XL:     12   Next: 44%
Magic:  22/24      EV: 13    Int: 29    God:    Sif Muna [**....]
Gold:   626        SH:  6    Dex: 10    Spells: 16/27 levels left

rFire    . . .     SeeInvis .   a - +4 dagger (holy)
rCold    . . .     Gourm    .   E - +0 buckler
rNeg     . . .     Faith    .   t - +0 hat
rPois    .         Spirit   .   s - amulet of the acrobat
rElec    .         Reflect  .   p - ring of resist corrosion
rCorr    +         Harm     .   v - +3 ring of intelligence
MR       .....                  I - ring of stealth (curse)
Stlth    ++++++++..             N - +2 ring of strength
HPRegen  0.23/turn              P - +5 ring of protection
MPRegen  0.19/turn              (no ring)
                                (no ring)
                                (no ring)

@: very slightly contaminated
A: almost no armour, stealthy swim, amphibious, 8 rings, constrict 8, camouflage
1, gelatinous body 1
a: Channel Magic, Renounce Religion


You were on level 2 of the Lair of Beasts.
You worshipped Sif Muna.
Sif Muna was pleased with you.
You were not hungry.

You visited 3 branches of the dungeon, and saw 15 of its levels.
You also visited: Sewer.

You collected 626 gold pieces.

Inventory:

Hand Weapons
 a - a +4 dagger of holy wrath (weapon)
 b - a +1 whip of electrocution
Armour
 t - a +0 hat (worn)
 E - a +0 buckler (worn)
 K - a +2 shield
Jewellery
 p - a ring of resist corrosion (left tentacle)
 s - an amulet of the acrobat (around mantle)
 u - a cursed amulet of inaccuracy {unknown}
 v - a +3 ring of intelligence (right tentacle)
 A - an uncursed amulet of faith {unknown}
 I - a cursed ring of stealth (on tentacle)
 N - a +2 ring of strength (on tentacle)
 P - a +5 ring of protection (on tentacle)
Wands
 f - a wand of digging (3)
 i - a wand of flame (2)
 B - a wand of iceblast (2)
Scrolls
 e - a scroll of acquirement {unknown}
 h - a scroll of enchant armour {unknown}
 j - a scroll of torment {unknown}
 k - 4 scrolls of teleportation
 l - 5 scrolls of amnesia
 m - 3 scrolls of magic mapping {unknown}
 r - a scroll of fog {unknown}
 y - a scroll of remove curse {unknown}
 C - a scroll of immolation {unknown}
 D - a scroll of holy word {unknown}
 F - 3 scrolls of enchant weapon {unknown}
 G - a scroll of noise {unknown}
 L - a scroll of summoning
 M - a scroll of identify
Potions
 d - 2 potions of flight
 g - 3 potions of mutation
 n - 3 potions of invisibility {unknown}
 o - 6 potions of might
 q - 2 potions of cancellation {unknown}
 w - 5 potions of curing
 x - 5 potions of haste {unknown}
 z - 2 potions of lignification {unknown}
 H - 3 potions of magic
 J - 6 potions of degeneration {unknown}
 O - 2 potions of heal wounds
Comestibles
 c - 15 rations
 Q - a chunk of flesh


   Skills:
 + Level 7.7 Fighting
 - Level 2.0 Dodging
 + Level 16.0 Stealth
 * Level 9.8 Shields
 - Level 8.0 Spellcasting
 - Level 6.2 Conjurations
 - Level 1.0 Summonings
 - Level 1.0 Translocations
 - Level 1.2 Fire Magic
 - Level 1.1 Air Magic
 - Level 1.0 Poison Magic


You had 16 spell levels left.
You knew the following spells:

 Your Spells              Type           Power        Failure   Level  Hunger
a - Magic Dart            Conj           ####         1%          1    None
b - Blink                 Tloc           N/A          4%          2    None
c - Call Imp              Summ           ###.....     4%          2    None
d - Mephitic Cloud        Conj/Pois/Air  ####....     4%          3    None
e - Conjure Flame         Conj/Fire      ####....     3%          3    None

Your spell library contained the following spells:

 Spells                   Type           Power        Failure   Level  Hunger
 Shock                    Conj/Air       ####         1%          1    None
 Throw Frost              Conj/Ice       ####..       1%          2    None
 Static Discharge         Conj/Air       ####....     3%          3    None
 Freeze                   Ice            ##..         4%          1    None
 Swiftness                Chrm/Air       ##......     5%          2    None
 Slow                     Hex            ##......     7%          2    None
 Throw Icicle             Conj/Ice       ####....     13%         4    #......
 Ozocubu's Armour         Chrm/Ice       ##......     14%         3    None
 Airstrike                Air            ###.......   28%         4    #......
 Lightning Bolt           Conj/Air       ####......   28%         5    ####...
 Summon Ice Beast         Ice/Summ       ##......     36%         4    #......


Dungeon Overview and Level Annotations

Branches:
Dungeon (11/15)            Temple (1/1) D:7            Lair (3/6) D:10
 Shoals (0/4) Lair:2        Sewer (visited)
  Snake: Lair:2-4    Spider: Lair:2-4       Orc: D:9-12

Altars:
Ashenzari
Cheibriados
Dithmenos
Elyvilon
Fedhas
Gozag
Hepliaklqana
Kikubaaqudgha
Makhleb
Nemelex Xobeh
Okawaru
Qazlal
Ru
Sif Muna
Trog
Uskayaw
Vehumet
Wu Jian
Xom
Yredelemnul
Zin
The Shining One

Annotations:
D:8 Gastronok
D:10 exclusion: downstairs
Lair:1 Fannar


Innate Abilities, Weirdness & Mutations

You cannot wear most types of armour.
You are very stealthy in the water. (Stealth+)
You are amphibious.
You can wear up to eight rings at the same time.
You can use your tentacles to constrict eight enemies at once.
Your skin changes colour to match your surroundings (Stealth+).
Your rubbery body absorbs attacks. (AC +1, EV +1)


Message History

You climb upwards.
There is a stone staircase leading down here.
Unknown command.
Unknown command.
Unknown command.
Unknown command.
Unknown command.
Unknown command.
Casting: Magic Dart (safe; 1% risk of failure)
Confirm with . or Enter, or press ? or * to list all spells.
You miscast Blink.
You are very lightly contaminated with residual magic.
Nothing appears to happen.
The wolf bites you.
* * * LOW HITPOINT WARNING * * *
The black mamba bites you.
* * * LOW HITPOINT WARNING * * *
The wolf splashes around in the water.
The wolf bites you.
* * * LOW HITPOINT WARNING * * *
The wolf bites you.
You die...

#........÷...........#..........#
...............>...............÷#
...§............................#
..§§......###...#................
.#§§§.(....P###..#.#.............
..§≈≈#.§....# ###.....#..........
≈≈#.§#≈.....###...≈...#..........
#..##.≈.....P..hh..≈..##.........
..#.§≈..#.....≈.@h≈≈.≈##.........
..#.§≈§......≈≈Sh≈≈≈≈≈....#......
......§§#....≈≈≈≈≈≈≈≈≈...###.....
.##..##§.....≈≈≈≈≈≈≈≈≈..#.##.....
.............≈≈≈≈≈≈≈≈.<..##...(..
.............≈≈≈≈≈≈≈.....###.....
...........#..≈≈≈≈≈..............
..........###....................
..........##.....................


You could see a black mamba and 4 wolves.

Vanquished Creatures
  3 two-headed ogres
  Sonja (Lair:3)
  An unseen horror (D:10)
  Pikel (D:7)
  A deep elf mage (D:10)
  2 black mambas (Lair:1)
  Psyche (D:8)
  5 spiny frogs
  3 komodo dragons
  A polar bear (Lair:2)
  A hornet (D:10)
  4 hippogriffs
  Prince Ribbit (Lair:1)
  2 blink frogs (Lair:1)
  A shadow (D:7)
  4 wyverns
  2 water moccasins
  3 sky beasts
  5 orc warriors
  6 porcupines
  4 ice beasts
  2 slaves (D:7)
  2 black bears
  2 phantoms
  10 wolves
  5 ogres
  5 crocodiles
  7 centaurs
  2 big kobolds
  10 bullfrogs
  3 gnoll sergeants
  2 wyvern zombies
  A scorpion (D:8)
  11 killer bees
  4 wights
  2 electric eels (Lair:2)
  A howler monkey (D:5)
  4 crimson imps
  2 centaur zombies
  A quasit (D:6)
  3 hounds (D:7)
  2 jellies
  3 orc priests
  3 bullfrog skeletons
  4 iguanas
  9 orc wizards
  10 worker ants
  A hound zombie (D:9)
  15 gnolls
  14 adders
  2 river rats (Sewer)
  A shadow imp (D:7)
  2 oozes (D:1)
  3 adder skeletons (D:5)
  7 worms
  2 dart slugs
  2 leopard geckos
  40 orcs
  6 ball pythons
  3 giant cockroaches
  13 goblins
  6 hobgoblins
  13 jackals
  19 kobolds
  6 quokkas
  14 bats
  6 frilled lizards
  A giant cockroach zombie (D:1)
  A jackal zombie (D:5)
  A quokka skeleton (D:9)
  17 rats
357 creatures vanquished.

Vanquished Creatures (others)
  A slave (D:7)
  A howler monkey (D:10)
  5 plants (D:10)
7 creatures vanquished.

Grand Total: 364 creatures vanquished

Notes
Turn   | Place    | Note
-------+----------+-------------------------------------------
     0 | D:1      | NeedForCaffeine the Octopode Wizard began the quest for the
                  | Orb.
     0 | D:1      | Reached XP level 1. HP: 11/11 MP: 4/4
   211 | D:1      | Reached skill level 3 in Stealth
   211 | D:1      | Reached XP level 2. HP: 17/17 MP: 1/6
   262 | D:1      | Learned a level 2 spell: Blink
   265 | D:1      | Learned a level 2 spell: Call Imp
   644 | D:1      | Reached XP level 3. HP: 21/21 MP: 5/7
  1611 | D:2      | Found an ancient bone altar of Kikubaaqudgha.
  1861 | D:2      | Learned a level 3 spell: Mephitic Cloud
  2094 | D:2      | Reached XP level 4. HP: 24/27 MP: 9/9
  2608 | D:2      | Reached skill level 4 in Stealth
  2724 | D:2      | Found a shimmering altar of Xom.
  3086 | D:3      | Reached XP level 5. HP: 31/31 MP: 5/10
  3260 | D:3      | Found a hide-covered altar of Uskayaw.
  3619 | D:4      | Noticed a phantom
  3998 | D:3      | Reached skill level 5 in Stealth
  3998 | D:3      | Reached XP level 6. HP: 36/36 MP: 5/12
  4274 | D:4      | Learned a level 3 spell: Conjure Flame
  5358 | D:4      | Reached skill level 1 in Poison Magic
  5402 | D:3      | Reached skill level 1 in Fire Magic
  5402 | D:3      | Reached skill level 1 in Air Magic
  5402 | D:3      | Reached XP level 7. HP: 10/41 MP: 2/13
  5757 | D:3      | Reached skill level 5 in Conjurations
  6123 | D:4      | Reached skill level 6 in Stealth
  6458 | D:5      | Entered Level 5 of the Dungeon
  6574 | D:5      | Reached XP level 8. HP: 46/46 MP: 3/15
  7250 | D:5      | Reached skill level 7 in Stealth
  7250 | D:5      | Reached skill level 5 in Spellcasting
  7557 | D:5      | Reached skill level 1 in Fighting
  7557 | D:5      | Reached skill level 1 in Shields
  7979 | D:6      | Found a glowing golden altar of the Shining One.
  8040 | D:6      | Reached skill level 8 in Stealth
  8266 | D:6      | Found a glowing drain.
  8276 | Sewer    | Entered a sewer
  8612 | Sewer    | Reached XP level 9. HP: 42/55 MP: 17/17
  8879 | Sewer    | Reached skill level 9 in Stealth
  9672 | D:7      | Found a blossoming altar of Fedhas.
  9919 | D:7      | Found the +8 demon blade "Leech" {vamp, rN+ AC-3 EV-3}
  9929 | D:7      | Reached skill level 10 in Stealth
 10178 | D:7      | Found a staircase to the Ecumenical Temple.
 10192 | Temple   | Entered the Ecumenical Temple
 10497 | Temple   | Became a worshipper of Sif Muna the Loreminder
 11733 | D:7      | Reached skill level 11 in Stealth
 12246 | D:7      | Noticed Pikel
 12260 | D:7      | Killed Pikel
 12260 | D:7      | Reached XP level 10. HP: 65/65 MP: 7/20
 12928 | D:8      | Noticed Psyche
 12985 | D:7      | Reached skill level 12 in Stealth
 13069 | D:8      | Noticed Gastronok
 13204 | D:8      | Killed Psyche
 13204 | D:8      | Reached skill level 5 in Shields
 13417 | D:8      | Reached skill level 5 in Fighting
 14269 | D:8      | Found an ornate altar of the Wu Jian Council.
 14544 | D:9      | Noticed a two-headed ogre
 15107 | D:9      | Reached * piety under Sif Muna
 15724 | D:9      | Reached skill level 13 in Stealth
 15948 | D:9      | HP: 1/66 [centaur/arrow (19)]
 16946 | D:9      | Found a shattered altar of Ashenzari.
 16972 | D:9      | Killed a two-headed ogre
 16972 | D:9      | Reached XP level 11. HP: 72/72 MP: 1/22
 17184 | D:10     | Entered Level 10 of the Dungeon
 17627 | D:10     | Noticed a deep elf mage
 17636 | D:10     | Killed a deep elf mage
 18020 | D:10     | Reached ** piety under Sif Muna
 18364 | D:11     | Noticed a manticore
 18482 | D:10     | Noticed a two-headed ogre
 18507 | D:10     | Killed a two-headed ogre
 18507 | D:10     | Reached skill level 14 in Stealth
 18881 | D:10     | Noticed a two-headed ogre
 18920 | D:10     | Killed a two-headed ogre
 19284 | D:10     | Killed an unseen horror
 19463 | D:10     | Found a staircase to the Lair.
 19930 | D:10     | Found an opulent altar of Gozag.
 20036 | Lair:1   | Entered Level 1 of the Lair of Beasts
 20662 | Lair:1   | Noticed Prince Ribbit
 20839 | Lair:1   | Reached skill level 15 in Stealth
 21118 | Lair:1   | Reached XP level 12. HP: 81/81 MP: 20/24
 21182 | Lair:1   | Killed Prince Ribbit
 21340 | Lair:1   | Noticed Fannar
 22337 | Lair:2   | Found a staircase to the Shoals.
 24170 | Lair:3   | Noticed Sonja
 24174 | Lair:3   | Killed Sonja
 24215 | Lair:2   | Reached skill level 16 in Stealth
 24787 | Lair:2   | HP: 1/82 [wolf (5)]
 24787 | Lair:2   | Slain by a wolf

Levels and vault maps discovered:
D:1:      saegor_arrival_fortress, layout_loops_ring, minmay_misc_feat_rows,
          st_stairs_6
D:2:      layout_loops_cross, lemuel_doored_altar, tgw_xom
D:3:      layout_basic, lemuel_crystal_altar
D:4:      layout_cave_pools, first_ration
D:5:      layout_basic
D:6:      layout_basic, overflow_temple_1_default, cheibrodos_sewer_entry_sluice
D:7:      minmay_chambers_of_fours, layout_basic,
          nicolae_overflow_crystal_walls, temple_statues, sword_in_stone,
          uniq_pikel
D:8:      layout_basic, marbit_many_paths, blue_anna_alchemist
          [blue_anna_fruit_fields, blue_anna_fruit_fields], uniq_gastronok,
          uniq_psyche
D:9:      layout_cave_pools, basic_altar
D:10:     layout_long_grid, david_lair_shrubbed, chequers_arboretum,
          grunt_gozag_breadcrumbs
D:11:     layout_basic, orc_0_dummy, kb_rosetta
Temple:   minmay_temple_bridge_d
Lair:1:   layout_small_grid, uniq_prince_ribbit2, uniq_fannar
Lair:2:   layout_cave_shapes, elwin_shoals_entry_rocks,
          portal_ice_cave_demonic_guard, nicolae_volcano_entry_lava_flow,
          infiniplex_staircase_pool
Lair:3:   layout_regular_city, nicolae_spider_entry_orb_guardian,
          gammafunk_ghost_berserking_beasts, grunt_forest_large_clearings,
          minmay_lair_oklob_chamber, uniq_snorg, uniq_sonja

Skill      XL: |  1  2  3  4  5  6  7  8  9 10 11 12 |
---------------+-------------------------------------+-----
Stealth        | 3 4 5 6 8 11 13 15 16 | 16.0
Conjurations   | 2 3 4 5 6 |  6.2
Spellcasting   | 4 5 6 7 8 |  8.0
Poison Magic   | 1 |  1.0
Fire Magic     | 1 |  1.2
Air Magic      | 1 |  1.1
Fighting       | 2 4 5 7 |  7.7
Shields        | 2 4 6 8 9 |  9.8
Dodging        | |  2.0
Summonings     | |  1.0
Translocations | |  1.0

Action                   |  1- 3 |  4- 6 |  7- 9 | 10-12 || total
-------------------------+-------+-------+-------+-------++-------
Melee: Unarmed           |     9 |       |       |       ||     9
       Constrict         |     8 |     7 |    16 |    31 ||    62
       Tentacles         |     5 |     5 |    18 |    31 ||    59
       Dagger            |    28 |    30 |   125 |   217 ||   400
       Mace              |       |     4 |       |       ||     4
 Cast: Magic Dart        |    79 |   158 |   261 |   512 ||  1010
       Mephitic Cloud    |     1 |     9 |    19 |    66 ||    95
       Blink             |       |     3 |     7 |    60 ||    70
       Conjure Flame     |       |       |    16 |    61 ||    77
       Call Imp          |       |       |       |     1 ||     1
Evoke: Wand              |       |       |       |    16 ||    16
  Use: Scroll            |       |     4 |     1 |     3 ||     8
       Potion            |       |     1 |       |     2 ||     3
 Stab: Sleeping          |     7 |     2 |    26 |     4 ||    39
       Confused          |     2 |     1 |     3 |    12 ||    18
       Distracted        |       |       |     1 |       ||     1
  Eat: Chunk             |     2 |     5 |    19 |    21 ||    47
       Ration            |       |     2 |     1 |     5 ||     8
Armor: Skin              |     8 |     7 |     1 |    22 ||    38
Dodge: Dodged            |    32 |    47 |    54 |   213 ||   346
Block: Buckler           |       |       |     7 |    68 ||    75
